 Dungeon Crawl Stone Soup version 0.31-a0-819-gf6de2f5ab6 (webtiles) character file.

Game seed: 1308363834391092598

128 qw the Shooter (level 5, -2/32 HPs)
             Began as a Gargoyle Hunter on Sept 23, 2023.
             Slain by a white imp (3 damage)
             ... on level 5 of the Dungeon.
             The game lasted 00:00:39 (1607 turns).

qw the Shooter (Gargoyle Hunter)                    Turns: 1607, Time: 00:00:39

Health: -2/32      AC:  8    Str: 15    XL:     5   Next: 12%
Magic:  5/5        EV: 11    Int:  9    God:
Gold:   111        SH:  0    Dex: 15    Spells: 4/4 levels left

rFire   + . .        Y - +0 shortbow
rCold   . . .        (shield currently unavailable)
rNeg    + . .        c - +0 leather armour
rPois   inf          (no helmet)
rElec   +            (no cloak)
rCorr   .            (no gloves)
SInv    .            d - +0 pair of boots
Will    .....        (no amulet)
Stlth   ++           j - ring of protection from fire
HPRegen 0.25/turn    (no ring)
MPRegen 0.09/turn

%: no passive effects
@: about to teleport
A: sickness immunity, AC +4, negative energy resistance 1, electricity
resistance, torment resistance 1, petrification resistance
a: no special abilities


You were on level 5 of the Dungeon.
You visited 1 branch of the dungeon, and saw 4 of its levels.

You collected 111 gold pieces.


Innate Abilities, Weirdness & Mutations

You are immune to sickness and miasma.
Your stone body is resilient. (AC +4)
You are immune to poison.
You resist negative energy. (rN+)
You are resistant to electric shocks. (rElec)
You are resistant to unholy torment.
You are immune to petrification.


   Skills:
 - Level 3.0 Fighting
 + Level 5.9 Ranged Weapons
 - Level 1.5 Dodging
 - Level 1.1 Stealth


You had 4 spell levels left.
You didn't know any spells.
Your spell library was empty.

Inventory:

Hand Weapons
 Y - a +0 shortbow (weapon)
Armour
 c - a +0 leather armour (worn)
 d - a +0 pair of boots (worn)
Jewellery
 j - a ring of protection from fire (left hand)
Scrolls
 b - a scroll of identify
Potions
 g - a potion of cancellation {unknown}
 i - a potion of magic {unknown}

Dungeon Overview and Level Annotations

Branches:
Dungeon (3/15)

Altars:

Shops:
D:5 [


Message History

The bat closely misses you.
You shoot an arrow. The arrow hits the bat!
You kill the bat!
A malevolent force fills the Dungeon...
You fall into a shaft and drop 2 floors!
The shaft crumbles and collapses.
You hear the sound of rushing water.
There is an entrance to a sewer on this level.
Hurry and find it before the portal rusts away!
A white imp comes into view.
The white imp shouts!
The white imp grins evilly.
Waypoint 3 assigned to D:5.
1600 ||| PLANNING SEWER You shoot an arrow.
The arrow hits the white imp but does no damage.
You shoot an arrow. The arrow hits the white imp.
The white imp is lightly wounded.
You shoot an arrow.
The arrow hits the white imp but does no damage.
The white imp is lightly wounded.
You shoot an arrow.
The arrow completely misses the white imp.
A centaur comes into view.
You shoot an arrow. The arrow hits the white imp.
The white imp is moderately wounded.
The white imp gestures at you. The puff of frost hits you!
The centaur wields a +0 shortbow.
The centaur shoots an arrow.
The arrow hits you!
You shoot an arrow.
The arrow hits the white imp but does no damage.
The white imp is moderately wounded.
The centaur shoots an arrow.
The arrow hits you!
1606 ||| READING scroll of teleportation.
As you read the scroll of teleportation, it crumbles to dust.
You feel strangely unstable. The white imp closely misses you.
You shoot an arrow. The arrow closely misses the white imp.
The centaur shoots an arrow.
The arrow misses you. The white imp hits you. The white imp freezes you.
You die...

### ##.## .
#... ..
#..# ...
#..## ....
##...#.....
#.........\
#..@.......
###5...c...
##.!.....
.......
.......
.......
...!...
.......


You could see a centaur and a white imp.

Vanquished Creatures
  2 orc wizards (D:3)
  2 adders (D:2)
  3 orcs
  5 bats
  5 endoplasms
  4 giant cockroaches
  3 goblins (D:1)
  4 hobgoblins
  3 jackals (D:1)
  5 kobolds (D:1)
  2 quokkas
  6 ball pythons
  11 frilled lizards
  2 rats
57 creatures vanquished.

Notes
Turn   | Place    | Note
-------+----------+-------------------------------------------
     0 | D:1      | qw the Gargoyle Hunter began the quest for the Orb.
     0 | D:1      | Reached XP level 1. HP: 12/12 MP: 1/1
     0 | D:1      | 0 ||| qw: Version: 0.3-a-83-gcd0e7d8
     0 | D:1      | 0 ||| qw: Game counter: 1561
     0 | D:1      | 0 ||| qw: Melee chars always use a shield: true
     0 | D:1      | 0 ||| qw: God list: Okawaru
     0 | D:1      | 0 ||| qw: Allow faded altars: false
     0 | D:1      | 0 ||| qw: Do Orc after clearing Dungeon:15 true
     0 | D:1      | 0 ||| qw: Do second Lair branch before Depths: true
     0 | D:1      | 0 ||| qw: Lair rune preference: random
     0 | D:1      | 0 ||| qw: Goals: Normal
     0 | D:1      | 0 ||| PLANNING D:1-11
   102 | D:1      | Reached XP level 2. HP: 11/17 MP: 2/2
   364 | D:1      | Reached XP level 3. HP: 21/21 MP: 3/3
   405 | D:1      | Reached skill level 5 in Ranged Weapons
   573 | D:1      | 573 ||| DROPPING ring of magical power.
   574 | D:1      | 574 ||| UPGRADING to ring of protection from fire.
   575 | D:1      | 575 ||| READING 2 scrolls labelled AHAAGH JAYM.
   579 | D:1      | 579 ||| READING scroll labelled TAMMAH ALIWAL.
   580 | D:1      | 580 ||| READING scroll labelled YMINGE NAMOJA.
   581 | D:1      | 581 ||| DROPPING scroll of butterflies.
   793 | D:2      | Reached skill level 3 in Fighting
  1218 | D:2      | Reached XP level 4. HP: 28/28 MP: 4/4
  1501 | D:2      | 1501 ||| UPGRADING to +0 pair of boots.
  1554 | D:3      | 1554 ||| STAIRDANCE
  1570 | D:3      | 1570 ||| RETREEAATING.
  1583 | D:3      | Reached XP level 5. HP: 31/32 MP: 5/5
  1598 | D:3      | You fall into a shaft and drop 2 floors!
  1598 | D:5      | Entered Level 5 of the Dungeon
  1599 | D:5      | Found Keumeh's Armour Shop.
  1600 | D:5      | 1600 ||| PLANNING SEWER
  1603 | D:5      | Noticed a centaur
  1605 | D:5      | HP: 3/32 [centaur/arrow (9)]
  1606 | D:5      | 1606 ||| READING scroll of teleportation.
  1607 | D:5      | HP: 1/32 [white imp (3)]
  1607 | D:5      | Slain by a white imp

Levels and vault maps discovered:
D:1:      lemuel_arrival_behind_the_door_large, layout_rooms, minmay_lizard_pond
D:2:      layout_basic, minmay_misc_feat_columns
D:3:      layout_loops_ring, mainiacjoe_overflow_chevrons
D:5:      layout_cave_pools, temple_fountains, serial_shops, shop,
          portal_sewer_entry_c

Skill      XL: |  1  2  3 |
---------------+----------+-----
Ranged Weapons | 5 |  5.9
Fighting       | 3 |  3.0
Dodging        | |  1.5
Stealth        | |  1.1

Action                     |  1- 3 |  4- 6 || total
---------------------------+-------+-------++-------
   Fire: Shortbow          |   122 |    54 ||   176
    Use: Scroll            |     3 |     1 ||     4
 Armour: Leather armour    |    56 |    28 ||    84
  Dodge: Dodged            |    55 |    16 ||    71

Table legend:
 A = Non-vault XP
 B = Vault XP
 C = Vault XP percentage of total XP
 D = Non-vault monster count
 E = Vault monster count
 F = Vault count percentage of total count
                 A         B        C        D         E       F
            +---------+---------+-------+---------+---------+-------
      Total |     177 |       7 |   3.8 |      50 |       7 |  12.3
            +---------+---------+-------+---------+---------+-------
        D:1 |      42 |       7 |  14.3 |      25 |       7 |  21.9
        D:2 |      57 |       0 |   0.0 |      20 |       0 |   0.0
        D:3 |      78 |       0 |   0.0 |       5 |       0 |   0.0
            +---------+---------+-------+---------+---------+-------
